 Dungeon Crawl Stone Soup version 0.31-a0-1074-g0b22e4e0f1 (webtiles) character file.

Game seed: 13058229689222594320

58 grandjackal the Slasher (level 3, -3/28 HPs)
             Began as a Demonspawn Gladiator on Nov 30, 2023.
             Slain by a sleepcap (7 damage)
             ... on level 3 of the Dungeon.
             The game lasted 00:01:46 (1683 turns).

grandjackal the Slasher (Demonspawn Gladiator)      Turns: 1683, Time: 00:01:46

Health: -3/28      AC: 16    Str: 20    XL:     3   Next: 76%
Magic:  3/3        EV: 11    Int:  9    God:
Gold:   11         SH:  0    Dex: 16    Spells: 2/2 levels left

rFire   . . .        a - +0 long sword
rCold   . . .        (no shield)
rNeg    . . .        n - +0 scale mail
rPois   .            c - +0 helmet
rElec   .            (no cloak)
rCorr   .            (no gloves)
SInv    .            (no boots)
Will    +....        m - amulet of magic regeneration Stlth
                     h - +6 ring of strength
HPRegen 0.24/turn    o - ring of willpower
MPRegen 0.48/turn

%: no passive effects
@: sanguine armoured
A: sanguine armour 2
a: no special abilities


You were on level 3 of the Dungeon.
You visited 1 branch of the dungeon, and saw 3 of its levels.

You collected 146 gold pieces.
You spent 135 gold pieces at shops.

Inventory:

Hand Weapons
 a - a +0 long sword (weapon)
Missiles
 d - 3 throwing nets (quivered)
 e - a javelin
 g - 11 poisoned darts
Armour
 c - a +0 helmet (worn)
 n - a +0 scale mail (worn)
Jewellery
 h - a +6 ring of strength (left hand)
 m - an amulet of magic regeneration (around neck)
 o - a ring of willpower (right hand)
Scrolls
 b - a scroll of acquirement {unknown}
 j - a scroll of teleportation {unknown}
 k - a scroll of fear
 l - a scroll of noise {unknown}
 p - a scroll of blinking {unknown}
 q - a scroll of enchant weapon
Potions
 f - 2 potions of brilliance
 i - a potion of curing


   Skills:
 + Level 2.8 Fighting
 + Level 3.2 Long Blades
 - Level 2.0 Throwing
 + Level 3.2 Dodging


You had 2 spell levels left.
You didn't know any spells.
Your spell library was empty.

Dungeon Overview and Level Annotations

Branches:
Dungeon (3/15)

Altars:

Shops:
D:2 ?


Innate Abilities, Weirdness & Mutations

When seriously injured, your blood forms thick armour. (AC +9)


Message History

You can access your shopping list by pressing '$'.
Done exploring.
There is an open door here.
There is a stone staircase leading down here.
You climb downwards.
There is a stone staircase leading up here.
Found a stone staircase leading down.
A sleepcap comes into view.
You hit the sleepcap.
The sleepcap is lightly damaged.
The sleepcap releases spores at you but does no damage.
You slash the sleepcap!
The sleepcap is moderately damaged.
The sleepcap releases spores at you.
You hit the sleepcap but do no damage.
The sleepcap is moderately damaged.
The sleepcap misses you.
You hit the sleepcap.
The sleepcap is heavily damaged.
The sleepcap barely misses you.
You hit the sleepcap.
The sleepcap is severely damaged.
The sleepcap closely misses you. x2
You hit the sleepcap but do no damage. You punch the sleepcap.
The sleepcap is almost destroyed.
The sleepcap releases spores at you!
You are engulfed in a cloud of soporific spores!
You fall asleep.
The sleepcap releases spores at you!!
You wake up.
Ouch! That really hurt!
* * * LOW HITPOINT WARNING * * *
Your blood congeals into armour.
You are too injured to fight recklessly!
You are too injured to fight recklessly!
Unknown command.
You are too injured to fight recklessly!
You hit the sleepcap.
The sleepcap is almost destroyed.
The sleepcap releases spores at you!
You die...

.. .. .#.. .#. #.. ..
##.# ##f.# #.@# ###.##
##...###...
#########...........
####............###....
<....########...# ..
###### #...# #.>.#
#...#


You could see a sleepcap.

Vanquished Creatures
  2 adders (D:2)
  A worm (D:2)
  3 dart slugs (D:1)
  A ball python (D:2)
  4 endoplasms
  3 giant cockroaches
  4 goblins
  4 hobgoblins
  A quokka (D:1)
  3 bats (D:1)
  A frilled lizard (D:2)
  3 kobolds
30 creatures vanquished.

Notes
Turn   | Place    | Note
-------+----------+-------------------------------------------
     0 | D:1      | grandjackal the Demonspawn Gladiator began the quest for
                  | the Orb.
     0 | D:1      | Reached XP level 1. HP: 16/16 MP: 1/1
   144 | D:1      | Gained mutation: When seriously injured, your blood forms
                  | armour. (AC +9) [demonic ancestry]
   144 | D:1      | Reached XP level 2. HP: 20/22 MP: 2/2
   809 | D:2      | Gained mutation: When seriously injured, your blood forms
                  | thick armour. (AC +9) [demonic ancestry]
   809 | D:2      | Reached XP level 3. HP: 14/28 MP: 3/3
   881 | D:2      | Found Irus's Magic Scroll Emporium.
   884 | D:2      | Bought a scroll of fear for 40 gold pieces
   884 | D:2      | Bought a scroll of identify for 20 gold pieces
  1636 | D:2      | Bought a scroll of enchant weapon for 75 gold pieces
  1683 | D:3      | Slain by a sleepcap

Illustrated notes

Levels and vault maps discovered:
D:1:      lemuel_arrival_broad_hall, layout_loops_cross
D:2:      layout_basic, serial_shops, nicolae_shop_window_shopping
D:3:      layout_rooms, nemelex_xobeh_ov_fountains_minmay

Skill      XL: |  1  2 |
---------------+-------+-----
Throwing       | 2 |  2.0
Long Blades    | 3 |  3.2
Dodging        | 3 |  3.2
Fighting       | |  2.8

Action                     || total
---------------------------++-------
  Melee: Long sword        ||    99
         Punch             ||     2
    Use: Scroll            ||     2
   Stab: Sleeping          ||     1
 Armour: Leather armour    ||    41
         Scale mail        ||    22
  Dodge: Dodged            ||    48

Table legend: (Time is in decaauts)
 A = Elapsed time spent in this place.
 B = Non-inter-level travel time spent in this place.
 C = Inter-level travel time spent in this place.
 D = Time resting spent in this place.
 E = Time spent auto-exploring this place.
 F = Levels seen in this place.
 G = Mean time per level.
                   A        B        C        D        E       F      G
               +--------+--------+--------+--------+--------+-----+--------+
         Total |   1705 |   1625 |     80 |    211 |   1160 |   3 |  568.3 |
       Dungeon |   1705 |   1625 |     80 |    211 |   1160 |   3 |  568.3 |
               +--------+--------+--------+--------+--------+-----+--------+

Top non-repeatable levels by time:
     D:2: 906 daAuts
     D:1: 772 daAuts
     D:3: 27 daAuts
